 Dungeon Crawl Stone Soup version 0.27.1-1-g398f81649c (webtiles) character file.

Game seed: 2608790620337080147

16 zdrol the Covered (level 2, 0/27 HPs)
             Began as a Minotaur Fighter on Sept 7, 2021.
             Frozen to death by an endoplasm (3 damage)
             ... on level 2 of the Dungeon.
             The game lasted 00:00:49 (153 turns).

zdrol the Covered (Minotaur Fighter)                 Turns: 153, Time: 00:00:50

Health: 0/27       AC:  7    Str: 20    XL:     2   Next: 41%
Magic:  1/1        EV:  7    Int:  5    God:
Gold:   18         SH:  9    Dex:  9    Spells: 1/1 levels left

rFire    . . .     SeeInvis .   a - +0 flail
rCold    . . .     Faith    .   c - +0 kite shield
rNeg     . . .     Spirit   .   b - +0 scale mail
rPois    .         Reflect  .   (helmet restricted)
rElec    .         Harm     .   (no cloak)
rCorr    .         Rampage  .   (no gloves)
Will     .....                  (no boots)
Stlth    ..........             (no amulet)
HPRegen  0.09/turn              (no ring)
MPRegen  0.07/turn              (no ring)

@: no status effects
A: horns 2, retaliatory headbutt
a: no special abilities


You were on level 2 of the Dungeon.
You visited 1 branch of the dungeon, and saw 2 of its levels.

You collected 18 gold pieces.

Inventory:

Hand Weapons
 a - a +0 flail (weapon)
Armour
 b - a +0 scale mail (worn)
 c - a +0 kite shield (worn)
Potions
 d - a potion of might


   Skills:
 + Level 4.0 Fighting
 + Level 2.6 Maces & Flails
 + Level 4.0 Armour
 + Level 3.9 Shields


You had one spell level left.
You didn't know any spells.
Your spell library was empty.

Dungeon Overview and Level Annotations

Branches:
Dungeon (2/15)

Altars:

Shops:
D:1 !*


Innate Abilities, Weirdness & Mutations

You have a pair of horns on your head.
You reflexively headbutt those who attack you in melee.


Message History

The endoplasm hits you but does no damage.
The quokka bites you. You block the hobgoblin's attack.
The bat hits you but does no damage.
The endoplasm hits you but does no damage.
The quokka completely misses you.
You completely miss the hobgoblin. Your headbutt misses the hobgoblin.
The bat hits you but does no damage. x2; The hobgoblin hits you.
You block the quokka's attack. The bat barely misses you.
The endoplasm hits you but does no damage.
The hobgoblin closely misses you. You furiously retaliate!
You headbutt the hobgoblin, but do no damage.
You closely miss the hobgoblin. The bat closely misses you.
The quokka bites you. You block the endoplasm's attack. The quokka bites you.
The hobgoblin closely misses you. You furiously retaliate!
You headbutt the hobgoblin.
You kill the hobgoblin!
You block the endoplasm's attack. You block the bat's attack.
The quokka bites you but does no damage.
The endoplasm freezes you.
You are frozen.
The quokka bites you.
* * * LOW HITPOINT WARNING * * *
The bat completely misses you. You furiously retaliate!
You headbutt the bat. You block the endoplasm's attack.
You closely miss the quokka.
You headbutt the quokka, but do no damage.
The bat barely misses you. You furiously retaliate!
You headbutt the bat.
You kill the bat!
You block the quokka's attack.
The endoplasm hits you but does no damage.
The quokka bites you but does no damage.
Your Fighting skill increases to level 4!
You sock the quokka!
You kill the quokka!
The endoplasm freezes you.
You are frozen.
* * * LOW HITPOINT WARNING * * *
The endoplasm freezes you.
You are frozen.
You die...

#.... ........
##.#..##......
##............
.............
............
?........#.#
##.......#J###
.........@†.)#
.......<.#†.........
....................
.........#...#......
..############..?...
. ...... ..... .....


You could see an endoplasm.

Vanquished Creatures
  2 dart slugs (D:1)
  An endoplasm (D:1)
  A giant cockroach (D:1)
  A hobgoblin (D:2)
  2 quokkas
  4 bats
  2 goblins
  A rat (D:1)
14 creatures vanquished.

Notes
Turn   | Place    | Note
-------+----------+-------------------------------------------
     0 | D:1      | zdrol the Minotaur Fighter began the quest for the Orb.
     0 | D:1      | Reached XP level 1. HP: 19/19 MP: 0/0
    34 | D:1      | Found Zovi Oka's General Store.
    37 | D:1      | Found a faded altar of an unknown god.
   102 | D:1      | Found Uda Evi Qyo's Distillery.
   108 | D:1      | Reached XP level 2. HP: 23/27 MP: 1/1
   153 | D:2      | Frozen to death by an endoplasm

Illustrated notes

Levels and vault maps discovered:
D:1:      erik_arrival_triangle_huge, layout_basic, serial_shops,
          nicolae_diamond_shop, shop, nicolae_shop_waterfront,
          chequers_ecumenical_altar_island
D:2:      layout_rooms, grunt_ministairs_12, uniq_terence

Skill      XL: |  1  2 |
---------------+-------+-----
Armour         | 4 |  4.0
Fighting       | 4 |  4.0
Maces & Flails | |  2.6
Shields        | |  3.9

Action                   || total
-------------------------++-------
Melee: Flail             ||    31
       Headbutt          ||     4
Armor: Scale mail        ||    30
Dodge: Dodged            ||    23
Block: Kite shield       ||    25
